 Dungeon Crawl Stone Soup version 0.18.1-47-g9310371 (webtiles) character file.

147 DevlanMud the Poker (level 5, -1/38 HPs)
             Began as a Demonspawn Gladiator on June 24, 2016.
             Slain by Grinder (6 damage)
             ... while paralysed by Grinder
             ... on level 3 of the Dungeon.
             The game lasted 00:05:40 (1872 turns).

DevlanMud the Poker (Demonspawn Gladiator)          Turns: 1872, Time: 00:05:41

Health: -1/38      AC:  5    Str: 17    XL:     5   Next: 8%
Magic:  5/5        EV:  2    Int:  9    God:
Gold:   56         SH:  0    Dex: 20    Spells: 0 memorised, 4 levels left

rFire  . . .     SeeInvis .     a - +0 trident
rCold  . . .     Gourm    .     b - +0 leather armour
rNeg   . . .     Faith    .     (no shield)
rPois  .         Spirit   .     c - +1 helmet
rElec  .         Dismiss  .     (no cloak)
rCorr  .         Reflect  .     (no gloves)
SustAt .         Harm     .     (no boots)
MR     .....                    h - amulet of regeneration
Stlth  +++.......               (no ring)
                                (no ring)

@: paralysed, agile, not resistant to hostile enchantments, fairly stealthy
A: thin skeletal structure 1, powered by death 1
a: no special abilities


You were on level 3 of the Dungeon.
You were hungry.

You visited 1 branch of the dungeon, and saw 3 of its levels.

You collected 56 gold pieces.

Inventory:

Hand Weapons
 a - a +0 trident (weapon)
Missiles
 d - 3 throwing nets (quivered)
Armour
 b - a +0 leather armour (worn)
 c - a +1 helmet (worn)
Jewellery
 h - an amulet of regeneration (around neck)
Scrolls
 e - a scroll of recharging {unknown}
 l - a scroll of enchant armour
 m - a scroll of amnesia {unknown}
Potions
 i - a potion of agility
 k - a potion of cure mutation
Comestibles
 f - 3 bread rations
 g - 17 chunks of flesh
 j - a meat ration
 n - a slice of pizza


   Skills:
 + Level 2.2 Fighting
 * Level 4.0 Polearms
 - Level 1.7 Throwing
 + Level 1.4 Armour
 + Level 3.7 Dodging


You had 4 spell levels left.
You didn't know any spells.

Dungeon Overview and Level Annotations

Branches:
Dungeon (3/15)

Altars:
Ashenzari
Vehumet

Annotations:
D:3 Grinder


Innate Abilities, Weirdness & Mutations

You have a somewhat thin skeletal structure (Dex +2, Stealth).
You regenerate a little health from kills.


Message History

Grinder barely misses you.
You are too injured to fight recklessly!
You are too injured to fight recklessly!
Drink which item? (? for menu, Esc to quit)
It was a potion of curing.
You feel better. Grinder barely misses you.
Grinder says, "I used to sell toenails on the black market."
Grinder completely misses you.
You barely miss Grinder.
Grinder is heavily wounded.
Grinder hits you!
* * * LOW HITPOINT WARNING * * *
You writhe in agony.
* * * LOW HITPOINT WARNING * * *
You are too injured to fight recklessly!
You are too injured to fight recklessly!
You puncture Grinder!
Grinder is severely wounded.
Grinder gestures at you.
You suddenly lose the ability to move!
Grinder hits you.
You die...

## #####.###### .#
... #.# ###.. ....
#(# #...... ..... #)#
##........ ......##)#
#.......$.
.........###.........
..........##.........
..........5..........
.........##@........%
....................#
.........?#..........
?....................
#.###.....#..........
#................
#......#.........
..#.#............
#.##.#.......#.


You could see Grinder.

Vanquished Creatures
  An orc priest (D:3)
  5 adders
  2 worms
  A dart slug (D:1)
  2 giant geckos
  8 orcs (D:3)
  A giant cockroach (D:3)
  9 hobgoblins
  9 kobolds
  2 quokkas (D:3)
  5 bats
  2 giant newts (D:1)
  5 goblins
  4 rats
56 creatures vanquished.

Vanquished Creatures (others)
  An adder (D:2)
  2 bats (D:2)
3 creatures vanquished.

Grand Total: 59 creatures vanquished

Notes
Turn   | Place    | Note
--------------------------------------------------------------
     0 | D:1      | DevlanMud the Demonspawn Gladiator began the quest for the Orb.
     0 | D:1      | Reached XP level 1. HP: 16/16 MP: 1/1
     6 | D:1      | Noticed a komodo dragon
     6 | D:1      | Noticed a giant leech
     6 | D:1      | Noticed a worker ant
     6 | D:1      | Noticed a centaur warrior
   442 | D:1      | Reached skill level 3 in Polearms
   476 | D:1      | Gained mutation: You regenerate a little health from kills. [demonic ancestry]
   476 | D:1      | Reached XP level 2. HP: 20/22 MP: 2/2
   483 | D:1      | Found a shattered altar of Ashenzari.
  1274 | D:2      | Gained mutation: You have a somewhat thin skeletal structure (Dex +2, Stealth). [demonic ancestry]
  1274 | D:2      | Reached XP level 3. HP: 24/27 MP: 3/3
  1287 | D:2      | Found a radiant altar of Vehumet.
  1606 | D:2      | Reached skill level 1 in Armour
  1606 | D:2      | Reached XP level 4. HP: 26/33 MP: 4/4
  1829 | D:3      | Reached skill level 4 in Polearms
  1829 | D:3      | Reached XP level 5. HP: 28/38 MP: 5/5
  1848 | D:3      | Noticed Grinder
  1872 | D:3      | Paralysed by Grinder for 4 turns
  1872 | D:3      | Slain by Grinder

Skill      XL: |  1  2  3  4 |
---------------+-------------+-----
Polearms       | 3 4 |  4.0
Dodging        | 3 |  3.7
Armour         | 1 |  1.4
Fighting       | |  2.2
Throwing       | |  1.7

Action                   |  1- 3 |  4- 6 || total
-------------------------+-------+-------++-------
Melee: Trident           |   150 |    98 ||   248
  Use: Scroll            |     5 |       ||     5
       Potion            |       |     2 ||     2
 Stab: Sleeping          |     1 |       ||     1
  Eat: Chunk             |     2 |     1 ||     3
Armor: Leather armour    |    38 |    32 ||    70
Dodge: Dodged            |    79 |   101 ||   180
